 Dungeon Sprint DCSS version 0.19.1 (webtiles) character file.

62 equalderp2856 the Gouger (level 3, 0/19 HPs)
             Began as a Felid Fighter on Dec 17, 2016.
             Was an Initiate of Gozag.
             Slain by Joseph
             ... wielding a +0 quarterstaff
              (19 damage)
             ... in the Dungeon (Sprint IX: "|||||||||||||||||||||||||||||").
             The game lasted 00:01:02 (342 turns).

equalderp2856 the Gouger (Felid Fighter)             Turns: 342, Time: 00:01:03

Health: 0/19       AC:  3    Str: 16    XL:     3   Next: 85%
Magic:  4/4        EV: 22    Int:  9    God:    Gozag
Gold:   0          SH:  0    Dex: 15    Spells: 0 memorised, 2 levels left
                                        Lives:  0   Deaths: 1

rFire  . . .     SeeInvis +       - Unarmed
rCold  . . .     Gourm    .     (armour unavailable)
rNeg   . . .     Faith    .     (shield unavailable)
rPois  .         Spirit   .     (helmet unavailable)
rElec  .         Reflect  .     (cloak unavailable)
rCorr  .         Harm     .     (gloves unavailable)
MR     .....     NoTele   +     (boots unavailable)
Stlth  ++........               (no amulet)
                                n - +3 ring of strength
                                m - +2 ring of protection

@: quick
A: no armour, no weapons or thrown items, stealth, claws 1, fangs 3, see
invisible, carnivore 3, speed 1, shaggy fur 1, slow metabolism 1, sharp paws
a: Potion Petition, Call Merchant, Bribe Branch, Renounce Religion


You were in the Dungeon.
You worshipped Gozag.
Gozag was noncommittal.
You were not hungry.

You visited 1 branch

Inventory:

Jewellery
 m - a +2 ring of protection (left paw)
 n - a +3 ring of strength (right paw)
Wands
 l - a wand of lightning (7/15)
Scrolls
 h - 2 scrolls of blinking
 j - 3 scrolls of remove curse
 k - 2 scrolls of amnesia
Potions
 a - a potion of might
 c - a potion of invisibility
 d - 2 potions of heal wounds
 e - a potion of haste
 f - 4 potions of magic
 g - a potion of berserk rage
 i - 4 potions of curing
Comestibles
 b - a meat ration


   Skills:
 + Level 5.1 Fighting
 + Level 7.1 Dodging
 + Level 0.8 Stealth
 + Level 8.4 Unarmed Combat


You had 2 spell levels left.
You didn't know any spells.

Dungeon Overview and Level Annotations

Branches:
Dungeon (1/1)

Altars:
Cheibriados
Dithmenos
Elyvilon
Fedhas
Gozag
Hepliaklqana
Kikubaaqudgha
Makhleb
Nemelex Xobeh
Okawaru
Qazlal
Ru
Sif Muna
Trog
Uskayaw
Vehumet
Xom
Yredelemnul
Zin
The Shining One
Beogh
Jiyva
Lugonu

Annotations:
D Eustachio, Joseph


Innate Abilities, Weirdness & Mutations

You cannot wear armour.
You are incapable of wielding weapons or throwing items.
Your paws allow you to move quietly. (Stealth)
You have sharp claws.
You have razor-sharp teeth.
You have supernaturally acute eyesight. (SInv)
You are carnivorous and can eat meat at any time.
You cover ground quickly.
You are covered in fur. (AC +1)
You have a slow metabolism.
Your sharp claws are effective at attacking unaware monsters.


Message History

Eustachio shouts!
Eustachio mumbles some strange words.
Eustachio blinks!
Eustachio barely misses you.
Joseph shouts!
You scratch Eustachio. You bite Eustachio.
Eustachio is lightly wounded.
You claw Joseph! You bite Joseph, but do no damage.
Joseph is lightly wounded.
You closely miss Joseph.
Joseph is lightly wounded.
Joseph misses you.
You claw Joseph!
Joseph is moderately wounded.
You scratch Joseph. You bite Joseph.
Joseph is moderately wounded.
Joseph hits you with a quarterstaff!!
Ouch! That really hurt!
You die...
Your body crumbles into a pile of gold.

$▓.▓
▓_▓
$▓.▓
▓_▓
$▓.▓
▓_▓
$▓.▓
▓_▓
$▓.▓
▓_▓
$▓.▓
▓_▓
$▓.▓
▓_▓
$▓.▓
▓'▓
$▓@▓
▓.▓
$▓@▓
▓.▓
▓@▓
▓.▓
▓.▓
▓.▓
▓.▓
▓.▓
▓.▓
▓'▓
▓.▓
▓.▓
▓.▓
▓.▓
▓.▓


You could see Joseph and Eustachio.

Vanquished Creatures
  A scorpion (D)
  A crimson imp (D)
  A hound (D)
  An adder skeleton (D)
  A dart slug (D)
  A leopard gecko (D)
  An orc (D)
  A hobgoblin (D)
  A quokka (D)
  2 bats (D)
  A rat (D)
12 creatures vanquished.

Notes
Turn   | Place    | Note
-------+----------+-------------------------------------------
     0 | D        | equalderp2856 the Felid Fighter began the quest for the Orb.
     0 | D        | Reached XP level 1. HP: 10/10 MP: 2/2
    27 | D        | Noticed a crimson imp
    27 | D        | Noticed a hound
    41 | D        | Killed a crimson imp
    41 | D        | Reached skill level 5 in Dodging
    41 | D        | Reached skill level 6 in Unarmed Combat
    41 | D        | Reached XP level 2. HP: 6/15 MP: 3/3
    41 | D        | Reached XP level 3. HP: 7/18 MP: 4/4
    53 | D        | Reached skill level 7 in Unarmed Combat
    53 | D        | Reached XP level 4. HP: 7/22 MP: 5/5
   237 | D        | Found a roughly hewn altar of Beogh.
   237 | D        | Found a snail-covered altar of Cheibriados.
   237 | D        | Found a shadowy altar of Dithmenos.
   237 | D        | Found a white marble altar of Elyvilon.
   237 | D        | Found a blossoming altar of Fedhas.
   237 | D        | Found an opulent altar of Gozag.
   238 | D        | Found a hazy altar of Hepliaklqana.
   239 | D        | Found a viscous altar of Jiyva.
   240 | D        | Found an ancient bone altar of Kikubaaqudgha.
   241 | D        | Found a corrupted altar of Lugonu.
   242 | D        | Found a burning altar of Makhleb.
   243 | D        | Found a sparkling altar of Nemelex Xobeh.
   244 | D        | Found an iron altar of Okawaru.
   245 | D        | Became a worshipper of Gozag Ym Sagoz the Greedy
   246 | D        | Found a stormy altar of Qazlal.
   247 | D        | Found a sacrificial altar of Ru.
   248 | D        | Found a deep blue altar of Sif Muna.
   249 | D        | Found a bloodstained altar of Trog.
   250 | D        | Found a hide-covered altar of Uskayaw.
   251 | D        | Found a radiant altar of Vehumet.
   252 | D        | Found a shimmering altar of Xom.
   253 | D        | Found a basalt altar of Yredelemnul.
   254 | D        | Found a glowing silver altar of Zin.
   255 | D        | Found a glowing golden altar of the Shining One.
   282 | D        | Noticed a bullfrog
   282 | D        | Noticed a big kobold
   282 | D        | Noticed an orc warrior
   286 | D        | Reached skill level 5 in Fighting
   286 | D        | Reached skill level 8 in Unarmed Combat
   300 | D        | Hit by a tomahawk thrown by an orc warrior
   301 | D        | Reached XP level 3. HP: -5/19 MP: 4/4
   332 | D        | Noticed Eustachio
   334 | D        | Noticed Joseph
   342 | D        | Slain by Joseph

Skill      XL: |  1  2  3  4 |
---------------+-------------+-----
Fighting       | 4 5 |  5.1
Dodging        | 5 6 7 |  7.1
Unarmed Combat | 6 7 8 |  8.4
Stealth        | |  0.8

Action                   |  1- 3 |  4- 6 || total
-------------------------+-------+-------++-------
Melee: Unarmed           |    32 |     9 ||    41
       Bite              |     4 |     3 ||     7
  Use: Potion            |     2 |       ||     2
 Stab: Sleeping          |       |     1 ||     1
  Eat: Chunk             |     1 |       ||     1
Dodge: Dodged            |    28 |     4 ||    32
